 Dungeon Crawl Stone Soup version 0.31.0-7-gf635a9b802 (webtiles) character file.

Game seed: 10857116115011342335

2060 Armakuni the Skirmisher (level 9, -4/68 HPs)
             Began as a Mummy Monk on Jan 23, 2024.
             Was an Initiate of Gozag.
             Slain by a wyvern (6 damage)
             ... on level 7 of the Dungeon.
             The game lasted 00:18:15 (6290 turns).

Armakuni the Skirmisher (Mummy Monk)                Turns: 6290, Time: 00:18:16

Health: -4/68      AC:  8    Str: 14    XL:     9   Next: 5%
Magic:  18/18      EV: 13    Int: 10    God:    Gozag
Gold:   744        SH:  0    Dex: 24    Spells: 8/8 levels left

rFire   x . .        a - +1 shortbow
rCold   + . .        (shield currently unavailable)
rNeg    + + +        i - +0 ring mail
rPois   ∞            j - +1 helmet
rElec   .            (no cloak)
rCorr   .            (no gloves)
SInv    .            h - +0 pair of boots
Will    +....        (no amulet)
Stlth   +            D - +6 ring of dexterity
HPRegen 0.31/turn    P - ring of magical power
MPRegen 0.16/turn

%: faith
@: no status effects
A: cold resistance 1, negative energy resistance 3, torment resistance 2, heat
vulnerability 1, in touch with death 1, no potions, faith
a: Renounce Religion, Potion Petition, Call Merchant, Bribe Branch


You were on level 7 of the Dungeon.
You worshipped Gozag.
Gozag was pleased with you.
You visited 2 branches of the dungeon, and saw 8 of its levels.

You collected 744 gold pieces.

Inventory:

Hand Weapons
 a - a +1 shortbow (weapon)
 b - the +3 dagger "Eximugu" {vamp, rC+ Will+ Int+3 Stlth+}
   (You found it on level 2 of the Dungeon)

   Int+3:     It affects your intelligence (+3).
   rC+:       It protects you from cold.
   Will+:     It increases your willpower.
   Stlth+:    It makes you more stealthy.
 d - a +0 whip of venom
Armour
 c - an orb of light
 h - a +0 pair of boots (worn)
 i - a +0 ring mail (worn)
 j - a +1 helmet (worn)
Jewellery
 D - a +6 ring of dexterity (left hand)
 P - a ring of magical power (right hand)
Scrolls
 e - a scroll of identify
 f - a scroll of revelation
 y - 3 scrolls of teleportation


   Skills:
 - Level 5.0 Fighting
 - Level 2.7 Long Blades
 + Level 8.7 Ranged Weapons
 - Level 3.8 Dodging


You had 8 spell levels left.
You didn't know any spells.
Your spell library contained the following spells:

 Spells                   Type           Power      Damage    Failure   Level
 Necrotise                Necr           0%         1d4       61%         1
 Sandblast                Erth           0%         2d4       61%         1
 Blink                    Tloc           0%         N/A       75%         2
 Lesser Beckoning         Tloc           0%         N/A       75%         2
 Momentum Strike          Conj/Tloc      0%         3d8       75%         2
 Ozocubu's Armour         Ice            0%         N/A       93%         3
 Passwall                 Erth           0%         N/A       93%         3
 Stone Arrow              Conj/Erth      0%         3d7       93%         3
 Vampiric Draining        Necr           0%         2d6       93%         3
 Brom's Barrelling Bould  Conj/Erth      0%         2d3       100%        4
 Martyr's Knell           Necr/Summ      0%         N/A       100%        4
 Curse of Agony           Necr           0%         N/A       100%        5
 Iskenderun's Battlesphe  Conj           0%         2d6       100%        5
 Metabolic Englaciation   Hex/Ice        0%         N/A       100%        5
 Bombard                  Conj/Erth      0%         9d1       100%        6
 Sculpt Simulacrum        Ice/Alch       0%         N/A       100%        6
 Spellforged Servitor     Conj/Summ      0%         N/A       100%        7


Dungeon Overview and Level Annotations

Branches:
Dungeon (7/15)             Temple (1/1) D:4

Altars:
Ashenzari
Cheibriados
Dithmenos
Fedhas
Gozag
Hepliaklqana
Makhleb
Nemelex Xobeh
Okawaru
Sif Muna
Trog
Uskayaw
Vehumet
Wu Jian
Xom
Yredelemnul


Innate Abilities, Weirdness & Mutations

You are immune to poison.
Your flesh is cold resistant. (rC+)
You are immune to negative energy. (rN+++)
You are immune to unholy pain and torment.
You are vulnerable to heat. (rF-)
You are in touch with the powers of death.
You do not drink.
You have a special connection with the divine. (Faith)


Message History

Press: ? - help, Q - select action, (/) - cycle Shift-Dir - straight line, f/p - wyvern
Aim: a wyvern (almost dead, 71% to hit)
You shoot an arrow. The arrow barely misses the wyvern.
The wyvern bites you!
* * * LOW HITPOINT WARNING * * *
Fire: a) +1 shortbow
Press: ? - help, Q - select action, (/) - cycle Shift-Dir - straight line, f/p - wyvern
Aim: a wyvern (almost dead, 71% to hit)
You shoot an arrow. The arrow hits the wyvern.
The wyvern is almost dead.
The wyvern bites you but does no damage.
The wyvern closely misses you.
Fire: a) +1 shortbow
Press: ? - help, Q - select action, (/) - cycle Shift-Dir - straight line, f/p - wyvern
Aim: a wyvern (almost dead, 71% to hit)
You shoot an arrow. The arrow closely misses the wyvern.
The wyvern bites you but does no damage.
Fire: a) +1 shortbow
Press: ? - help, Q - select action, (/) - cycle Shift-Dir - straight line, f/p - wyvern
Aim: a wyvern (almost dead, 71% to hit)
You shoot an arrow. The arrow barely misses the wyvern.
The wyvern bites you!
* * * LOW HITPOINT WARNING * * *
The wyvern barely misses you.
Fire: a) +1 shortbow
Press: ? - help, Q - select action, (/) - cycle Shift-Dir - straight line, f/p - wyvern
Aim: a wyvern (almost dead, 71% to hit)
You shoot an arrow. The arrow hits the wyvern.
The wyvern is almost dead.
The wyvern bites you but does no damage.
The wyvern barely misses you.
Fire: a) +1 shortbow
Press: ? - help, Q - select action, (/) - cycle Shift-Dir - straight line, f/p - wyvern
Aim: a wyvern (almost dead, 71% to hit)
You shoot an arrow.
The arrow hits the wyvern but does no damage.
The wyvern is almost dead.
The wyvern barely misses you. The wyvern bites you.
You die...
Your body crumbles into a pile of gold.

####### ...... .....
./.###### #####
..##...######
#...#####k##........#
#........@.#........+
#..........#........#
#..........#........#
#........).#...##...#
#..........)...######
#..........#)..)!.<.+
#..........#........#
###+##....##........#
#######.!.###+##


You could see a wyvern.

Vanquished Creatures
  Sigmund (D:5)
  Prince Ribbit (D:5)
  Duvessa (D:5)
  A water moccasin (D:5)
  An orc warrior (D:5)
  A black bear (D:5)
  2 ogres
  A centaur (D:6)
  2 gnoll sergeants (D:5)
  3 scorpions (D:5)
  3 wights (D:6)
  Dowan (D:5)
  2 hounds
  A bombardier beetle (D:5)
  Natasha (thrice) (D:2)
  An iguana (D:4)
  2 orc wizards
  5 adders
  14 gnolls
  A white imp (D:5)
  2 adder zombies (D:2)
  4 dart slugs
  2 ribbon worms
  12 orcs
  5 ball pythons
  6 bats
  2 bat zombies (D:2)
  14 endoplasms
  5 giant cockroaches
  12 goblins
  10 hobgoblins
  3 jackals (D:4)
  10 kobolds
  6 quokkas
  A ball python skeleton (D:2)
  A frilled lizard (D:2)
  A quokka skeleton (D:2)
  A quokka zombie (D:2)
  9 rats
153 creatures vanquished.

Notes
Turn   | Place    | Note
-------+----------+-------------------------------------------
     0 | D:1      | Armakuni the Mummy Monk began the quest for the Orb.
     0 | D:1      | Reached XP level 1. HP: 18/18 MP: 1/1
   178 | D:1      | Reached XP level 2. HP: 24/24 MP: 2/2
   442 | D:1      | Reached XP level 3. HP: 30/30 MP: 3/3
  1066 | D:2      | Reached XP level 4. HP: 34/38 MP: 4/4
  1101 | D:2      | Noticed Natasha
  1112 | D:2      | Killed Natasha
  1113 | D:2      | Reached skill level 5 in Fighting
  1217 | D:2      | Identified the +3 dagger "Eximugu" {vamp, rC+ Will+ Int+3
                  | Stlth+}
  1386 | D:2      | Noticed Natasha
  1399 | D:2      | Killed Natasha
  1400 | D:2      | Reached XP level 5. HP: 25/44 MP: 5/5
  1401 | D:2      | Noticed Natasha
  1408 | D:2      | You fall into a shaft and drop 2 floors!
  1828 | D:2      | Killed Natasha
  2166 | D:3      | Found a sparkling altar of Nemelex Xobeh.
  2369 | D:3      | Found a shimmering blue altar of Sif Muna.
  2375 | D:3      | Found a bloodstained altar of Trog.
  2717 | D:4      | Reached skill level 1 in Ranged Weapons
  2717 | D:4      | Reached XP level 6. HP: 35/51 MP: 6/6
  2803 | D:4      | Found a staircase to the Ecumenical Temple.
  2809 | Temple   | Entered the Ecumenical Temple
  2854 | Temple   | Became a worshipper of Gozag Ym Sagoz the Greedy
  3342 | D:5      | Entered Level 5 of the Dungeon
  3364 | D:5      | Reached skill level 2 in Ranged Weapons
  3628 | D:5      | Reached skill level 3 in Ranged Weapons
  3706 | D:5      | Reached skill level 4 in Ranged Weapons
  3706 | D:5      | Reached XP level 7. HP: 6/56 MP: 7/7
  3922 | D:5      | Noticed Prince Ribbit
  3941 | D:5      | HP: 1/56 [Prince Ribbit (9)]
  3951 | D:5      | Killed Prince Ribbit
  3952 | D:5      | Reached skill level 5 in Ranged Weapons
  4306 | D:5      | Noticed Sigmund
  4591 | D:5      | Noticed Dowan
  4599 | D:5      | Noticed Duvessa
  4608 | D:5      | Killed Duvessa
  4609 | D:5      | Reached skill level 6 in Ranged Weapons
  4609 | D:5      | Reached XP level 8. HP: 49/62 MP: 8/8
  4612 | D:5      | Killed Dowan
  4656 | D:5      | Found an iron altar of Okawaru.
  4660 | D:5      | Found a hide-covered altar of Uskayaw.
  4661 | D:5      | Found a blossoming altar of Fedhas.
  4674 | D:5      | Found a shimmering altar of Xom.
  4825 | D:5      | Killed Sigmund
  4826 | D:5      | Reached skill level 7 in Ranged Weapons
  4984 | D:5      | Found a burning altar of Makhleb.
  5562 | D:5      | Reached skill level 8 in Ranged Weapons
  6221 | D:7      | Reached XP level 9. HP: 68/68 MP: 9/9
  6288 | D:7      | HP: 1/68 [wyvern (14)]
  6290 | D:7      | Slain by a wyvern

Illustrated notes

Levels and vault maps discovered:
D:1:      lightli_molten_gateway, layout_loops_ring
D:2:      layout_rooms, serial_undead, serial_undead_a, serial_undead_e,
          serial_undead_e, serial_undead_d, serial_undead_c, uniq_natasha
D:3:      layout_loops_cross, hellmonk_overflow_destroyed_library,
          nemelex_xobeh_ov_fountains_minmay, serial_aquarium,
          aquarium_bridge_square [aquarium_subvault_wall,
          aquarium_subvault_window, aquarium_subvault_wall,
          aquarium_subvault_bridge], aquarium_window_corner,
          aquarium_window_fake, aquarium_window_fake, aquarium_window_fake,
          aquarium_view_2d, aquarium_pool_corner, chequers_jeans,
          minmay_misc_feat_room, guppyfry_early_lair_pool
D:4:      layout_cave_pools, minmay_temple_entry_enclosed_plants, serial_bayou,
          serial_bayou_shore_b, serial_bayou_ford_a, serial_bayou_shore_b,
          serial_bayou_pond_d, serial_bayou_shore_b, serial_bayou_pond_a,
          nicolae_houndstooth_variations
D:5:      layout_loops_ring, general_overflow_altar,
          minmay_overflow_temple_star_hex, uniq_prince_ribbit1, uniq_sigmund,
          uniq_duvessa
D:6:      layout_cave_pools
D:7:      wander_guarded_unrand_ratskin, layout_gridville,
          mainiacjoe_overflow_chevrons, elyvilon_altar_4,
          uniq_crazy_yiuf_cottage
Temple:   hellmonk_temple_beads

Skill      XL: |  1  2  3  4  5  6  7  8 |
---------------+-------------------------+-----
Fighting       | 4 5 |  5.0
Dodging        | 3 |  3.8
Ranged Weapons | 1 4 6 8 |  8.7
Long Blades    | |  2.7

Action                     |  1- 3 |  4- 6 |  7- 9 || total
---------------------------+-------+-------+-------++-------
  Melee: Falchion          |    31 |       |       ||    31
         Whip              |    72 |    25 |    72 ||   169
         Dagger            |       |   116 |    40 ||   156
         Punch             |       |       |     1 ||     1
   Fire: Sling             |       |    55 |    57 ||   112
         Shortbow          |       |       |    77 ||    77
    Use: Scroll            |       |    10 |     7 ||    17
   Stab: Sleeping          |     1 |     1 |       ||     2
         Distracted        |       |     1 |       ||     1
 Armour: Robe              |    17 |       |       ||    17
         Leather armour    |    54 |    79 |    61 ||   194
         Ring mail         |       |       |    69 ||    69
  Dodge: Dodged            |    89 |    91 |   127 ||   307
